 Dungeon Crawl Stone Soup version 0.20.1-1-g8b1a95d (webtiles) character file.

840 Lafeu the Cudgeler (level 7, 0/61 HPs)
             Began as a Minotaur Berserker on Oct 26, 2017.
             Was an Elder of Trog.
             Slain by a wight
             ... wielding a +1 hand axe of freezing
              (1 damage)
             ... on level 6 of the Dungeon.
             The game lasted 00:22:09 (4691 turns).

Lafeu the Cudgeler (Minotaur Berserker)             Turns: 4691, Time: 00:22:10

Health: 0/61       AC:  4    Str: 23    XL:     7   Next: 67%
Magic:  6/6        EV: 13    Int:  4    God:    Trog [****..]
Gold:   252        SH:  0    Dex: 10    Spells: 6/6 levels left

rFire    . . .     SeeInvis .   p - +3 whip (venom)
rCold    . . .     Gourm    .   (no shield)
rNeg     + . .     Faith    .   v - +1 leather armour {rN+}
rPois    .         Spirit   .   (helmet restricted)
rElec    .         Reflect  .   (no cloak)
rCorr    .         Harm     .   (no gloves)
MR       .....                  (no boots)
Stlth    +.........             u - amulet of regeneration
Regen    0.6/turn               i - ring of wizardry
MPRegen  0.1/turn               (no ring)

@: lethally poisoned (0 -> -3), drained
A: retaliatory headbutt, horns 2
a: Berserk, Trog's Hand, Brothers in Arms, Burn Spellbooks, Renounce Religion


You were on level 6 of the Dungeon.
You worshipped Trog.
Trog was greatly pleased with you.
You were not hungry.

You visited 2 branches of the dungeon, and saw 7 of its levels.

You collected 252 gold pieces.

Inventory:

Hand Weapons
 a - a +0 hand axe
 p - a +3 whip of venom (weapon)
 x - a +0 whip of flaming
 J - a +0 shortbow
Missiles
 K - 27 arrows
Armour
 b - a +0 animal skin
 g - a +0 ring mail
 v - a +1 leather armour of positive energy (worn)
 B - the cursed +1 leather armour of Uteeph {Int+2 Dex+3, unknown}
   (You found it on level 4 of the Dungeon)

   It affects your intelligence (+2).
   It affects your dexterity (+3).
   It has a curse placed upon it.
Jewellery
 i - a ring of wizardry (left hand)
 u - an amulet of regeneration (around neck)
 H - a cursed -3 ring of dexterity {unknown}
Wands
 E - a wand of acid (7/15)
 I - a wand of iceblast (14/15)
Scrolls
 d - a scroll of magic mapping
 j - 2 scrolls of immolation
 n - 4 scrolls of remove curse
 t - a scroll of random uselessness
 y - 2 scrolls of enchant weapon
 z - a scroll of recharging
 A - a scroll of teleportation
Potions
 e - a potion of resistance
 f - 3 potions of heal wounds
 m - a potion of lignification
 q - 4 potions of curing
 r - a potion of cancellation
 s - a potion of invisibility
 C - a potion of brilliance {unknown}
 D - a potion of haste
 F - a potion of degeneration
 L - 2 potions of flight
Comestibles
 c - 3 bread rations
 h - 3 meat rations
 k - 4 royal jellies


   Skills:
 + Level 5.4(4.8) Fighting
 + Level 5.2(5.7) Axes
 + Level 5.6(5.9) Maces & Flails
 + Level 3.4(2.9) Armour
 + Level 5.0(4.4) Dodging
 + Level 2.1(1.6) Stealth


You had 6 spell levels left.
You didn't know any spells.

Dungeon Overview and Level Annotations

Branches:
Dungeon (6/15)             Temple (1/1) D:5

Altars:
Cheibriados
Dithmenos
Elyvilon
Fedhas
Hepliaklqana
Kikubaaqudgha
Ru
Uskayaw
Vehumet

Shops:
D:4 *   D:5 *

Annotations:
D:4 exclusion: statue


Innate Abilities, Weirdness & Mutations

You reflexively headbutt those who attack you in melee.
You have a pair of horns on your head.


Message History

The wight hits you with a vampiric trident!
* * * LOW HITPOINT WARNING * * *
You hit the wight.
The wight is moderately damaged.
You feel sick.
You hit the wight but do no damage. You headbutt the wight.
The wight is heavily damaged.
You feel sick.
The wight hits you with a vampiric trident!
* * * LOW HITPOINT WARNING * * *
You partially resist.
You feel drained.
You hit the wight. Your headbutt misses the wight.
The wight is severely damaged.
You feel sick. The wight barely misses you.
The wight hits you with a hand axe of freezing.
* * * LOW HITPOINT WARNING * * *
You partially resist.
You feel drained.
* * * LOW HITPOINT WARNING * * *
The wight freezes you.
You die...

#....#....#.#...
+.#..#...##.#.###
. #.#.#....# .. .
..#####.......r
... #
..........#....
......†.....###
#####.#)##...##
#.....).#.....
#.....@z..###.
#......z..$...
#........####.
#..........
#...........
#<......#####
#.......#
#########


You could see 2 wights.

Vanquished Creatures
  A centaur (D:5)
  The ghost of Ymberto the Firebug, an amateur DEFE (D:3)
  2 bullfrogs (D:6)
  2 wights (D:6)
  A crimson imp (D:5)
  A jelly (D:2)
  5 orc priests
  An orc wizard (D:5)
  A bullfrog skeleton (D:4)
  2 worker ants
  A howler monkey zombie (D:5)
  7 adders
  2 oozes
  4 worms
  3 dart slugs
  2 leopard geckos
  9 orcs
  6 bats
  A giant cockroach (D:3)
  7 goblins
  9 hobgoblins
  11 jackals
  4 quokkas
  A ball python (D:1)
  5 frilled lizards
  5 kobolds
  13 rats
107 creatures vanquished.

Vanquished Creatures (others)
  An adder zombie (D:5)
1 creature vanquished.

Grand Total: 108 creatures vanquished

Notes
Turn   | Place    | Note
-------+----------+-------------------------------------------
     0 | D:1      | Lafeu the Minotaur Berserker began the quest for the Orb.
     0 | D:1      | Reached XP level 1. HP: 19/19 MP: 0/0
    95 | D:1      | Reached XP level 2. HP: 14/27 MP: 1/1
   576 | D:1      | Reached XP level 3. HP: 31/33 MP: 2/2
   618 | D:1      | Reached ** piety under Trog
  1147 | D:2      | Found a snail-covered altar of Cheibriados.
  1611 | D:2      | Reached XP level 4. HP: 41/41 MP: 3/3
  1812 | D:3      | Noticed Ymberto's ghost (amateur DEFE)
  1831 | D:3      | Killed Ymberto's ghost
  1831 | D:3      | Reached skill level 5 in Axes
  1831 | D:3      | Reached skill level 1 in Maces & Flails
  1831 | D:3      | Reached XP level 5. HP: 35/47 MP: 4/4
  1834 | D:3      | Reached skill level 1 in Stealth
  1842 | D:3      | Found a blossoming altar of Fedhas.
  1842 | D:3      | Found an ancient bone altar of Kikubaaqudgha.
  2112 | D:3      | Reached *** piety under Trog
  2838 | D:4      | Found Dacziep's General Store.
  2924 | D:4      | Got an ancient leather armour
  2963 | D:4      | Reached XP level 6. HP: 43/53 MP: 5/5
  3190 | D:4      | Found a sacrificial altar of Ru.
  3327 | D:4      | Found a radiant altar of Vehumet.
  3340 | D:4      | Found a white marble altar of Elyvilon.
  3500 | D:5      | Entered Level 5 of the Dungeon
  3640 | D:5      | Found a blossoming altar of Fedhas.
  3797 | D:5      | Found Moduschaduh's Assorted Antiques.
  4257 | D:5      | Reached XP level 7. HP: 60/60 MP: 6/6
  4277 | D:5      | Found a staircase to the Ecumenical Temple.
  4432 | Temple   | Entered the Ecumenical Temple
  4516 | D:6      | Reached skill level 5 in Fighting
  4594 | D:6      | Reached **** piety under Trog
  4594 | D:6      | Reached skill level 5 in Maces & Flails
  4678 | D:6      | Reached skill level 5 in Dodging
  4691 | D:6      | HP: 2/61 [wight/hand axe of freezing (6)]
  4691 | D:6      | Slain by a wight

Skill      XL: |  1  2  3  4  5  6  7 |
---------------+----------------------+-----
Axes           | 4 5 |  5.2
Fighting       | 4 5 |  5.4
Maces & Flails | 1 3 4 5 |  5.6
Dodging        | 3 4 5 |  5.0
Stealth        | 1 2 |  2.1
Armour         | 3 |  3.4

Action                   |  1- 3 |  4- 6 |  7- 9 || total
-------------------------+-------+-------+-------++-------
Melee: Hand axe          |    50 |       |       ||    50
       Headbutt          |    10 |    20 |     3 ||    33
       Whip              |    27 |   107 |    34 ||   168
Invok: Berserk           |     1 |     2 |     1 ||     4
  Use: Scroll            |     5 |     2 |    12 ||    19
 Stab: Sleeping          |       |     1 |     1 ||     2
  Eat: Bread ration      |     1 |       |       ||     1
       Chunk             |       |     3 |       ||     3
       Fruit             |       |     9 |       ||     9
       Meat ration       |       |     1 |       ||     1
Armor: Animal skin       |    13 |     3 |       ||    16
       Leather armour    |       |    11 |     6 ||    17
Dodge: Dodged            |    54 |    61 |    22 ||   137
